 Dungeon Crawl Stone Soup version 0.17-a0-1714-g35622ae (webtiles) character file.

132 matakusis the Ducker (level 4, -2/33 HPs)
             Began as a Demonspawn Gladiator on Aug 23, 2015.
             Was an Initiate of Dithmenos.
             Slain by an orc wizard
             ... wielding a +0 dagger
              (5 damage)
             ... on level 3 of the Dungeon.
             The game lasted 00:07:09 (2827 turns).

matakusis the Ducker (Demonspawn Gladiator)         Turns: 2827, Time: 00:07:10

Health: -2/33      AC:  5    Str: 15    XL:     4   Next: 92%
Magic:  4/4        EV: 13    Int: 10    God:    Dithmenos [......]
Gold:   135        SH:  0    Dex: 14    Spells: 0 memorised, 3 levels left

rFire  . . .     SeeInvis .     a - +1 war axe
rCold  . . .     Clarity  .     b - +0 leather armour
rNeg   . . .     SustAt   .     (no shield)
rPois  .         Gourm    .     c - +0 helmet
rElec  .         Spirit   .     (no cloak)
rCorr  .         Warding  .     (no gloves)
rMut   .         Stasis   .     (no boots)
MR     .....                    (no amulet)
Stlth  +.........               (no ring)
                                q - ring of wizardry

@: not resistant to hostile enchantments, very unstealthy
A: icy blue scales 1, rot immunity
a: Renounce Religion


You were on level 3 of the Dungeon.
You worshipped Dithmenos.
Dithmenos was noncommittal.
You were very hungry.

You visited 1 branch of the dungeon, and saw 3 of its levels.

You collected 135 gold pieces.

Inventory:

Hand weapons
 a - a +1 war axe (weapon)
Missiles
 d - 2 throwing nets (quivered)
Armour
 b - a +0 leather armour (worn)
 c - a +0 helmet (worn)
Jewellery
 q - a ring of wizardry (left hand)
Scrolls
 h - 2 scrolls of immolation {unknown}
 l - a scroll of amnesia {unknown}
 m - 3 scrolls of identify
 n - a scroll of remove curse
 t - 2 scrolls of enchant weapon
Potions
 g - 2 potions of flight
 j - 3 potions of curing
 o - a potion of ambrosia
 r - 2 potions of haste {unknown}
 s - a potion of degeneration {unknown}
 u - a potion of poison {unknown}
Comestibles
 e - a bread ration
 f - 5 fruits
 i - 2 beef jerkies
 k - 2 meat rations


   Skills:
 - Level 2.0 Fighting
 + Level 3.3 Axes
 - Level 1.7 Throwing
 + Level 1.7 Armour
 + Level 4.2 Dodging


You had 3 spell levels left.
You didn't know any spells.

Dungeon Overview and Level Annotations

Branches:
Dungeon (3/15)

Altars:
Dithmenos
Trog
Zin
The Shining One


Innate Abilities, Weirdness & Mutations

You are partially covered in icy blue scales (AC +1).
You are immune to rotting.


Message History

The orc priest hits you with a hand axe.
You barely miss the orc priest.
The orc priest is almost dead.
The orc priest mumbles some strange prayers to Beogh against you.
Something smites you!
* * * LOW HITPOINT WARNING * * *
The orc priest hits you with a hand axe.
* * * LOW HITPOINT WARNING * * *
You barely miss the orc priest.
The orc priest is almost dead.
The orc priest hits you with a hand axe.
* * * LOW HITPOINT WARNING * * *
Unknown command.
You slash the orc priest!
You kill the orc priest!
Dithmenos accepts your kill.
You hear some strange, mumbled words.
Something tries to affect you, but you resist.
Something hits you.
You die...

##.## #.# #.# ##'##
##...## ##.....## #
..#.......## .#.#
#..........####....#
...........')@{o...#
##..........####....#
#.#.......## .#.#
#.##.....## # ##...##
##+##


You could see an orc.

Vanquished Creatures
  An orc priest (D:3)
  3 adders (D:2)
  3 oozes
  A worm (D:2)
  4 giant geckos
  2 orcs (D:3)
  3 giant cockroaches
  9 goblins
  7 hobgoblins
  9 bats
  3 giant newts
  8 kobolds
  2 rats (D:1)
55 creatures vanquished.

Notes
Turn   | Place    | Note
--------------------------------------------------------------
     0 | D:1      | matakusis the Demonspawn Gladiator began the quest for the Orb.
     0 | D:1      | Reached XP level 1. HP: 16/16 MP: 1/1
   127 | D:1      | Reached skill level 3 in Dodging
   145 | D:1      | Gained mutation: You are immune to rotting. [demonic ancestry]
   145 | D:1      | Reached XP level 2. HP: 13/22 MP: 2/2
  1107 | D:2      | Reached XP level 3. HP: 27/27 MP: 3/3
  1210 | D:2      | Found a shadowy altar of Dithmenos.
  1226 | D:2      | Became a worshipper of Dithmenos the Shadowed
  1281 | D:2      | Reached skill level 1 in Armour
  1370 | D:2      | Gained mutation: You are partially covered in icy blue scales (AC +1). [demonic ancestry]
  1370 | D:2      | Reached XP level 4. HP: 13/33 MP: 4/4
  2312 | D:3      | Found a faded altar to an unknown god.
  2525 | D:3      | Found a glowing silver altar of Zin.
  2526 | D:3      | Found a bloodstained altar of Trog.
  2527 | D:3      | Found a glowing golden altar of the Shining One.
  2807 | D:3      | Reached skill level 4 in Dodging
  2827 | D:3      | Slain by an orc wizard

Vault maps used:
D:1:      minmay_arrival_hallway, minivault_19
D:2:      nicolae_dithmenos_shadow_blocks
D:3:      nicolae_overflow_hidden_temple, ecumenical_altar_2,
          nrook_loot_triangle, serial_bayou_pond_e

Action                   |  1- 3 |  4- 6 || total
-------------------------+-------+-------++-------
Melee: War axe           |   118 |    60 ||   178
Throw: Throwing net      |     3 |       ||     3
  Use: Scroll            |       |     7 ||     7
 Stab: Sleeping          |     1 |       ||     1
  Eat: Chunk             |     1 |     4 ||     5
